AoeStats
← El_antipasto

Arena

507406046Analyzed
4v4 RM · 15d ago on Sep 18, 2026· 47m 31s· 8 players
Game mode
Random Map
Map size
Large (8 player)
Population
200
Speed
Normal
Resources
Standard
Victory
Conquest
Starting age
Dark Age
Ending age
Imperial Age
RankedLock teamsTeams togetherTeam positionsShared explorationLock speedFull tech treeHidden civsTurbo modeCheats
Victory
Defeat
🇨🇳 Franks · China
1189
+11
🇨🇳 Teutons · China
1134
+14
🇨🇳 Spanish · China
1123
+14
🇧🇷 Jurchens · Brazil
990
+20
🇺🇸 Teutons · United States
1107
-16
🇦🇷 Persians · Argentina
1106
-16
🇺🇸 Ethiopians · United States
1072
-14
🇺🇸 Franks · United States
1034
-13
DJSTONKS
10:26 Feudal Age
14:42 Castle Age
12:42 Double-Bit Axe
12:54 Horse Collar
18:22 Heavy Plow
18:34 Bow Saw
24:56 Wheelbarrow
28:29 Imperial Age
25:46 Loom
27:52 Hand Cart
27:30 Town Watch
28:31 Ballistics
28:03 Fletching
28:14 Padded Archer Armor
29:32 Bodkin Arrow
30:00 Conscription
30:56 Two-Man Saw
30:14 Bracer
31:23 Chemistry
29:51 Crossbowman
30:38 Thumb Ring
30:38 Arbalester
33:02 Leather Archer Armor
34:22 Ring Archer Armor
38:25 Squires
38:27 Scale Mail Armor
38:38 Forging
39:12 Siege Engineers
39:06 Murder Holes
39:03 Halberdier
42:32 Chain Mail Armor
42:53 Iron Casting
aegilello
2:58 Loom
11:16 Feudal Age
StanTheMan
11:59 Feudal Age
16:10 Castle Age
14:23 Double-Bit Axe
18:30 Loom
21:50 Horse Collar
22:14 Scale Mail Armor
23:43 Forging
26:39 Pikeman
32:03 Bow Saw
31:57 Heavy Plow
35:04 Imperial Age
33:34 Stone Mining
35:58 Iron Casting
35:51 Halberdier
36:48 Chain Mail Armor
38:43 Fletching
El_antipasto
5:43 Loom
10:46 Feudal Age
14:45 Castle Age
13:06 Double-Bit Axe
13:47 Horse Collar
16:05 Bow Saw
17:35 Wheelbarrow
24:26 Heavy Plow
26:12 Hand Cart
26:01 Gold Mining
27:01 Town Watch
30:09 Imperial Age
27:26 Crossbowman
28:13 Thumb Ring
28:01 Fletching
28:12 Padded Archer Armor
28:42 Ballistics
29:09 Bodkin Arrow
29:30 Kamandaran
29:50 Husbandry
30:01 Bloodlines
30:30 Leather Archer Armor
30:21 Scale Barding Armor
30:27 Forging
30:42 Cavalier
31:57 Ring Archer Armor
32:46 Chemistry
32:16 Savar
33:21 Chain Barding Armor
33:37 Iron Casting
34:23 Squires
34:09 Arson
33:45 Pikeman
37:09 Scale Mail Armor
37:45 Plate Barding Armor
39:12 Two-Man Saw
38:44 Crop Rotation
38:22 Halberdier
39:23 Chain Mail Armor
40:16 Blast Furnace
40:49 Plate Mail Armor
41:11 Conscription
jaobolaz
10:15 Feudal Age
14:05 Castle Age
14:17 Double-Bit Axe
16:17 Bow Saw
20:12 Horse Collar
22:17 Wheelbarrow
22:37 Heavy Plow
23:42 Gold Mining
28:14 Gold Shaft Mining
27:31 Stone Mining
28:33 Hand Cart
28:03 Loom
31:34 Imperial Age
30:26 Stone Shaft Mining
30:00 Treadmill Crane
30:17 Murder Holes
30:32 Masonry
30:44 Ballistics
30:34 Fortified Wall
30:19 Fletching
30:30 Padded Archer Armor
32:36 Bodkin Arrow
32:41 Padded Archer Armor
33:17 Crop Rotation
34:01 Two-Man Saw
33:17 Thunderclap Bombs
38:37 Fortified Bastions
38:59 Conscription
Otto der Große
11:17 Feudal Age
15:03 Castle Age
12:51 Double-Bit Axe
12:47 Horse Collar
17:03 Bow Saw
22:15 Wheelbarrow
22:45 Gold Mining
22:58 Heavy Plow
28:33 Imperial Age
25:57 Loom
26:29 Hand Cart
25:36 Man-at-Arms
26:02 Gambesons
26:17 Squires
26:03 Arson
26:20 Scale Mail Armor
26:30 Forging
26:36 Long Swordsman
27:38 Chain Mail Armor
27:25 Pikeman
29:23 Iron Casting
29:15 Stone Mining
28:54 Two-Handed Swordsman
28:54 Halberdier
29:07 Halberdier
31:55 Two-Man Saw
30:23 Champion
34:46 Crop Rotation
34:53 Stone Shaft Mining
34:47 Conscription
35:37 Chemistry
33:59 Onager
36:01 Fortified Wall
35:45 Siege Onager
36:33 Siege Engineers
37:43 Blast Furnace
37:13 Plate Mail Armor
36:34 Fletching
39:23 Ironclad
42:13 Caravan
42:28 Guilds
46:20 Crenellations
路一司
10:15 Feudal Age
14:19 Castle Age
13:12 Double-Bit Axe
13:09 Horse Collar
32:10 Loom
36:52 Wheelbarrow
36:29 Bow Saw
36:20 Heavy Plow
36:13 Gold Mining
36:14 Stone Mining
37:26 Husbandry
37:37 Bloodlines
38:21 Hand Cart
38:59 Loom
38:59 Town Watch
42:22 Imperial Age
39:43 Town Watch
40:32 Padded Archer Armor
42:30 Stone Shaft Mining
42:13 Leather Archer Armor
43:43 Town Patrol
43:53 Caravan
47:05 Chemistry
46:28 Ballistics
45:42 Elite Conquistador
46:43 Conscription
fechinoo
9:44 Feudal Age
13:33 Castle Age
12:23 Double-Bit Axe
18:33 Bow Saw
20:23 Wheelbarrow
23:40 Hand Cart
24:51 Gold Mining
24:51 Stone Mining
26:23 Gold Shaft Mining
29:28 Imperial Age
27:30 Scale Barding Armor
27:36 Forging
29:40 Chain Barding Armor
29:56 Iron Casting
30:14 Chivalry
30:34 Conscription
29:38 Cavalier
30:18 Husbandry
31:15 Plate Barding Armor
30:57 Paladin
32:27 Loom
32:27 Town Watch
34:30 Town Patrol
35:54 Chemistry
36:32 Coinage
36:02 Caravan
37:12 Blast Furnace
38:49 Ballistics
38:40 Masonry
38:35 Siege Engineers
39:47 Herbal Medicine
40:15 Scale Mail Armor
40:05 Fletching
40:16 Padded Archer Armor
41:09 Banking
46:14 Bodkin Arrow
46:35 Chain Mail Armor
Connection lost

Rejoining the realm…

Still unreachable

The connection could not be restored.

Session expired

The server has moved on; the page needs a fresh start.